 Dungeon Crawl Stone Soup version 0.25.0-3-gd7cc5688da (webtiles) character file.

Game seed: 16949939048321058039

36935 Abmis123 the Fighter (level 13, -25/117 HPs)
             Began as a Demigod Wanderer on June 15, 2020.
             Killed from afar by a blizzard demon (43 damage)
             ... with a bolt of cold
             ... on level 3 of the Abyss on June 16, 2020.
             The game lasted 03:48:18 (32657 turns).

Abmis123 the Fighter (Demigod Wanderer)            Turns: 32657, Time: 03:48:19

Health: -25/117    AC:  6    Str: 17    XL:     13   Next: 23%
Magic:  2/32       EV: 13    Int: 25    God:
Gold:   763        SH:  5    Dex: 12    Spells: 1/32 levels left

rFire    . . .     SeeInvis +   a - staff of wizardry
rCold    . . .     Gourm    .   F - +0 buckler
rNeg     + . .     Faith    .   l - +0 ring mail {rPois}
rPois    +         Spirit   .   (no helmet)
rElec    .         Reflect  .   (no cloak)
rCorr    .         Harm     .   (no gloves)
MR       +....     Rnd*Rage +   (no boots) Stlth +.........Rnd*Tele +
                                E - amulet of magic regeneration
HPRegen  0.00/turn              e - ring of see invisible
MPRegen  0.48/turn              X - ring of positive energy

@: studying Shields
A: [berserk 2], [blurry vision 3], high mp 1, [screaming 2], [inhibited
regeneration], [teleportitis 2]
a: no special abilities


You were on level 3 of the Abyss.
You were not hungry.

You visited 3 branches of the dungeon, and saw 19 of its levels.
You visited the Abyss 1 time.

You collected 1041 gold pieces.
You spent 278 gold pieces at shops.

Inventory:

Hand Weapons
 b - a +2 hand axe of electrocution
 j - a +0 spear
 M - a +0 dagger of venom
Missiles
 g - 78 poisoned darts
 s - 4 javelins (quivered)
 C - 3 atropa-tipped darts
 O - a throwing net
Armour
 l - a +0 ring mail of poison resistance (worn)
 n - a +0 ring mail of magic resistance
 F - a +0 buckler (worn)
 L - the +0 scale mail "Daotadal" {rF+ Str+5 Slay-2}
   (You found it on level 2 of the Lair of Beasts)

   It affects your strength (+5).
   It affects your accuracy and damage with ranged weapons and melee attacks
   (-2).
   It protects you from fire.
 W - a +1 scale mail of fire resistance
 Z - a +0 leather armour of cold resistance
Magical Staves
 a - an uncursed staff of wizardry (weapon)
 c - an uncursed staff of cold
 Y - an uncursed staff of energy
Jewellery
 e - a ring of see invisible (left hand)
 i - an uncursed amulet of the acrobat
 u - an uncursed ring of flight
 E - an amulet of magic regeneration (around neck)
 S - an uncursed ring of poison resistance
 X - a ring of positive energy (right hand)
Wands
 d - a wand of iceblast (14)
 k - a wand of polymorph (28)
 r - a wand of flame (35)
 w - a wand of paralysis (13)
 x - a wand of enslavement (10)
 J - a wand of digging (5)
 Q - a wand of acid (8)
Scrolls
 h - 2 scrolls of summoning
 m - a scroll of silence
 o - 2 scrolls of enchant weapon
 p - a scroll of torment
 q - 3 scrolls of fear
 A - 8 scrolls of remove curse
 H - 3 scrolls of magic mapping
 N - 2 scrolls of identify
 P - 4 scrolls of immolation
 T - a scroll of amnesia
Potions
 v - a potion of mutation
 D - a potion of might
 V - 2 potions of lignification
Books
 K - a manual of Shields
Miscellaneous
 y - a box of beasts
 I - a phial of floods
Comestibles
 f - 16 rations


   Skills:
 + Level 11.7 Fighting
   Level 2.2 Crossbows
 + Level 5.8 Armour
 + Level 4.9 Dodging
 - Level 2.0 Stealth
 - Level 4.0 Shields
 + Level 10.4 Spellcasting
   Level 1.0 Necromancy
 - Level 9.0 Earth Magic
 - Level 6.0 Poison Magic
 - Level 4.0 Evocations


You had one spell level left.
You knew the following spells:

 Your Spells              Type           Power        Failure   Level  Hunger
a - Sandblast             Erth           ######       1%          1    None
b - Stone Arrow           Conj/Erth      #####.       1%          3    None
c - Lee's Rapid Deconstr  Erth           ######....   2%          5    ####...
d - Petrify               Tmut/Erth      #####...     5%          4    None
e - Passwall              Tmut/Erth      #####...     1%          2    None
f - Olgreb's Toxic Radia  Pois           #####...     2%          4    None
g - Leda's Liquefaction   Hex/Erth       #####.....   5%          4    None
h - Swiftness             Chrm/Air       ##......     4%          2    None
i - Mephitic Cloud        Conj/Pois/Air  ###.....     4%          3    None
j - Ignite Poison         Fire/Tmut/Pois ###.....     4%          3    None

Your spell library contained the following spells:

 Spells                   Type           Power        Failure   Level  Hunger
 Sting                    Tmut/Pois      ####         1%          1    None
 Corona                   Hex            ##.....      3%          1    None
 Shock                    Conj/Air       ##..         3%          1    None
 Summon Small Mammal      Summ           ##..         3%          1    None
 Poisonous Vapours        Pois/Air       ####..       1%          2    None
 Call Imp                 Summ           ##......     4%          2    None
 Slow                     Hex            ##......     4%          2    None
 Call Canine Familiar     Summ           ##......     10%         3    None
 Confusing Touch          Hex            ##......     10%         3    None
 Gell's Gravitas          Tloc           ##........   10%         3    None
 Inner Flame              Hex/Fire       ##......     10%         3    None
 Portal Projectile        Hex/Tloc       ##....       10%         3    None
 Static Discharge         Conj/Air       ##......     10%         3    None
 Summon Guardian Golem    Hex/Summ       ##......     10%         3    None
 Airstrike                Air            ##........   32%         4    None
 Cause Fear               Hex            ##........   32%         4    None
 Summon Ice Beast         Ice/Summ       ##......     32%         4    None
 Summon Lightning Spire   Summ/Air       ##......     32%         4    None
 Lightning Bolt           Conj/Air       ##........   63%         5    ####...
 Metabolic Englaciation   Hex/Ice        ##........   63%         5    ####...
 Yara's Violent Unravell  Hex/Tmut       ##........   63%         5    ####...


Dungeon Overview and Level Annotations

Branches:
Dungeon (12/15)            Temple (1/1) D:7            Lair (6/6) D:8
  Swamp (0/4) Lair:3       Spider (0/4) Lair:3        Slime (0/5) Lair:5
    Orc (0/2) D:11

Shops:
D:8 (!%(!

Annotations:
D:2 exclusion: downstairs
D:4 2 exclusions, Duvessa
D:5 exclusion: 2 downstairs
D:7 exclusion: downstairs
D:9 Harold
D:11 exclusion: upstairs
Lair:2 exclusion: downstairs
Lair:5 exclusion: downstairs
Lair:6 Sonja


Innate Abilities, Weirdness & Mutations

You have an increased reservoir of magic. (+10% MP)
[You often lose your temper in combat.]
[Scrolls take you much longer to read.]
[You sometimes yell uncontrollably at your foes.]
[You do not regenerate when monsters are visible.]
[You are sometimes teleported next to monsters.]


Message History

Okay, then.
Unknown command.
Unknown command.
Really read with blurry vision while enemies are nearby?
Okay, then.
Unknown command.
You feel much better.
The wretched star glows turbulently.
The lance of force hits you!!
* * * LOW HITPOINT WARNING * * *
You are knocked back by the lance of force.
You collide with the blizzard demon!
* * * LOW HITPOINT WARNING * * *
Quiver which item? (- for none, * to show all) (? for menu, Esc to quit)
Okay, then.
You feel better.
You feel yourself growing ill in the presence of the ancient zyme.
The blizzard demon gestures at you. The bolt of cold hits you!!!
You die...

##..#. ## ##...#### ..
# ##.....#.# .### ###.
##.....#..## #. .....
.'............ .
#....####..............
#..2@...#.##.....#...
#....###..##.#.##...#
.. .#.
#..#.*x..#..#...... #.
##.##..#.###..## ..
#### ...## .... #. .
##.#.#### #. #. .#.....
# ?# ####... .# .#..#


You could see a wretched star, a blizzard demon and an ancient zyme.

Vanquished Creatures
  Snorg (Lair:4)
  6 hydras
  A hell hog (Abyss:3)
  A two-headed ogre (D:12)
  Nergalle (Lair:3)
  A spatial maelstrom (Abyss:3)
  2 unseen horrors
  A wolf spider (Lair:3)
  4 large abominations (Abyss:2)
  6 elephants (Lair:4)
  2 black mambas
  2 centaur zombies
  Psyche (D:8)
  A gargoyle (D:11)
  9 spiny frogs
  5 komodo dragons
  A rime drake (Lair:3)
  2 trolls
  A polar bear (Lair:1)
  2 jumping spiders (Lair:3)
  14 blink frogs
  3 hippogriffs
  A ynoxinul (Abyss:2)
  A spriggan (Lair:2)
  3 wyverns
  Eustachio (D:3)
  A basilisk (Lair:1)
  A human (D:9)
  Grum (D:8)
  26 yaks
  4 vampire mosquitoes (D:12)
  A neqoxec (Abyss:2)
  Menkaure (D:7)
  3 wargs
  A small abomination (Abyss:2)
  9 water moccasins
  11 porcupines
  4 orc warriors
  A swamp drake (Lair:3)
  2 ice beasts
  A hornet zombie (D:8)
  4 ogres
  2 sky beasts
  2 phantoms
  9 wolves
  4 centaurs
  9 crocodiles
  4 big kobolds
  15 bullfrogs
  A wyvern zombie (D:12)
  2 scorpions
  5 killer bees
  5 wights (D:7)
  A howler monkey (D:5)
  An electric eel (Lair:4)
  8 crimson imps
  A bullfrog zombie (D:6)
  3 jellies
  2 quasits
  13 orc priests
  A gnoll shaman (D:7)
  2 centaur skeletons
  7 hounds
  6 worker ants
  3 iguanas
  6 orc wizards
  Ijyb (D:2)
  A killer bee zombie (D:6)
  2 hound zombies
  A hound skeleton (D:5)
  A worker ant zombie (D:8)
  4 gnolls (D:7)
  12 adders
  4 shadow imps
  An ooze (D:3)
  An adder zombie (D:5)
  An adder skeleton (D:5)
  3 worms
  4 dart slugs
  5 leopard geckos
  33 orcs
  5 ball pythons
  9 bats
  4 giant cockroaches
  2 gnoll zombies (D:8)
  10 goblins
  4 hobgoblins
  24 jackals
  21 kobolds
  4 quokkas
  7 frilled lizards
  2 jackal skeletons
  8 rats
  2 fungi
  2 plants
434 creatures vanquished.

Vanquished Creatures (others)
  6 fungi
  5 plants
  16 starspawn tentacles (Abyss:2)
27 creatures vanquished.

Grand Total: 461 creatures vanquished

Notes
Turn   | Place    | Note
-------+----------+-------------------------------------------
     0 | D:1      | Abmis123 the Demigod Wanderer began the quest for the Orb.
     0 | D:1      | Abmis123 set off with the following items: a +0 hand
                  | crossbow, 29 bolts, a +0 ring mail, a ration; and the
                  | following spell memorised: Sandblast; and the following
                  | spells available to memorise: Passwall, Stone Arrow,
                  | Petrify, Lee's Rapid Deconstruction
     0 | D:1      | Reached XP level 1. HP: 16/16 MP: 4/4
   167 | D:1      | Reached XP level 2. HP: 19/23 MP: 5/5
  1186 | D:2      | Reached XP level 3. HP: 15/29 MP: 3/6
  1419 | D:2      | Found a shattered altar of Ashenzari.
  1427 | D:2      | Reached skill level 2 in Fighting
  1598 | D:2      | Found a burning altar of Makhleb.
  2340 | D:2      | Found a stormy altar of Qazlal.
  3002 | D:3      | Reached XP level 4. HP: 35/37 MP: 8/8
  3570 | D:3      | Found an ornate altar of the Wu Jian Council.
  4228 | D:3      | Noticed Ijyb
  4228 | D:3      | Paralysed by Ijyb for 7 turns
  4249 | D:2      | Killed Ijyb
  4488 | D:3      | Reached XP level 5. HP: 42/42 MP: 3/9
  4741 | D:4      | Reached skill level 1 in Evocations
  4923 | D:4      | Noticed Eustachio
  4956 | D:3      | Killed Eustachio
  4956 | D:3      | Reached XP level 6. HP: 38/49 MP: 3/10
  5382 | D:4      | Noticed Duvessa
  5429 | D:4      | Found a hazy altar of Hepliaklqana.
  5629 | D:5      | Entered Level 5 of the Dungeon
  5725 | D:5      | Reached skill level 5 in Earth Magic
  5997 | D:5      | Found a white marble altar of Elyvilon.
  6154 | D:5      | Reached XP level 7. HP: 56/56 MP: 11/11
  6159 | D:5      | Learned a level 3 spell: Stone Arrow
  6333 | D:5      | Found a sacrificial altar of Ru.
  7483 | D:6      | Noticed a wyvern
  7491 | D:6      | Killed a wyvern
  7491 | D:6      | Reached skill level 3 in Fighting
  7499 | D:5      | Reached XP level 8. HP: 15/63 MP: 9/13
  8465 | D:6      | Noticed a two-headed ogre
  9269 | D:6      | Reached skill level 4 in Fighting
  9589 | D:6      | You fall into a shaft and drop 2 floors!
 10701 | D:6      | Learned a level 5 spell: Lee's Rapid Deconstruction
 11350 | D:5      | Learned a level 4 spell: Petrify
 11623 | D:7      | Reached XP level 9. HP: 67/73 MP: 6/17
 11744 | D:7      | Reached skill level 5 in Fighting
 12140 | D:7      | Found a staircase to the Ecumenical Temple.
 12153 | Temple   | Entered the Ecumenical Temple
 12542 | D:7      | Found an opulent altar of Gozag.
 12545 | D:7      | Found a glowing silver altar of Zin.
 12690 | D:7      | Noticed Menkaure
 12703 | D:7      | Killed Menkaure
 13309 | D:8      | Found a sparkling altar of Nemelex Xobeh.
 13313 | D:8      | Found Joqavvuath's Distillery.
 13550 | D:8      | Reached skill level 6 in Fighting
 13877 | D:8      | Learned a level 2 spell: Passwall
 14197 | D:8      | Bought a potion of heal wounds for 70 gold pieces
 14216 | D:8      | Noticed Grum
 14220 | D:8      | Noticed Psyche
 14321 | D:8      | Killed Grum
 14321 | D:8      | Reached skill level 5 in Spellcasting
 14954 | D:8      | Reached XP level 10. HP: 84/84 MP: 6/21
 14961 | D:8      | Reached skill level 7 in Fighting
 15161 | D:8      | Found a staircase to the Lair.
 15205 | D:8      | Killed Psyche
 15439 | D:8      | Found a snail-covered altar of Cheibriados.
 15642 | D:8      | Found Baqa's Food Shop.
 15702 | D:8      | Found Nouw's Distillery.
 15875 | D:8      | Bought a potion of lignification for 48 gold pieces
 15875 | D:8      | Bought a potion of heal wounds for 80 gold pieces
 15875 | D:8      | Bought a potion of heal wounds for 80 gold pieces
 16053 | D:8      | Found Pisudghoi's Antique Weapon Boutique.
 16067 | D:8      | Learned a level 4 spell: Olgreb's Toxic Radiance
 16191 | D:8      | Found Cuwn's Antique Weapon Boutique.
 16527 | D:8      | Found a basalt altar of Yredelemnul.
 16637 | D:9      | Found a shimmering altar of Xom.
 16685 | D:9      | You fall into a shaft and drop 3 floors!
 16685 | D:12     | Noticed a two-headed ogre
 16704 | D:12     | Reached skill level 1 in Poison Magic
 17479 | D:12     | Killed a two-headed ogre
 17479 | D:12     | Reached skill level 8 in Fighting
 18099 | D:11     | Found a staircase to the Orcish Mines.
 18235 | D:11     | Killed an unseen horror
 18535 | D:11     | Reached skill level 5 in Poison Magic
 18958 | D:10     | Entered Level 10 of the Dungeon
 18958 | D:10     | Noticed a two-headed ogre
 19350 | D:10     | Killed an unseen horror
 19350 | D:10     | Reached XP level 11. HP: 63/95 MP: 0/25
 20298 | D:9      | Found a shimmering altar of Xom.
 20298 | D:9      | Found a shimmering altar of Xom.
 20300 | D:9      | Found a shimmering altar of Xom.
 20343 | D:9      | Noticed Harold
 20386 | Lair:1   | Entered Level 1 of the Lair of Beasts
 20770 | Lair:1   | Noticed a six-headed hydra
 20775 | Lair:1   | Killed a six-headed hydra
 21253 | Lair:1   | Reached skill level 9 in Fighting
 23018 | Lair:2   | Reached skill level 10 in Fighting
 23182 | Lair:2   | Got a diamond-encrusted scale mail
 23198 | Lair:2   | Identified the cursed +0 scale mail "Daotadal" {rF+ Str+5
                  | Slay-2} (You found it on level 2 of the Lair of Beasts)
 23397 | Lair:2   | Noticed a four-headed hydra
 23494 | Lair:2   | Killed a four-headed hydra
 23494 | Lair:2   | Reached XP level 12. HP: 106/106 MP: 13/29
 23587 | Lair:2   | Noticed a six-headed hydra
 23651 | Lair:2   | Killed a six-headed hydra
 23948 | Lair:2   | Noticed a six-headed hydra
 24452 | Lair:2   | Killed a six-headed hydra
 24586 | Lair:3   | Noticed a six-headed hydra
 24705 | Lair:3   | Learned a level 4 spell: Leda's Liquefaction
 24829 | Lair:3   | Learned a level 2 spell: Swiftness
 24944 | Lair:3   | Found a staircase to the Swamp.
 25048 | Lair:3   | Reached skill level 1 in Dodging
 25571 | Lair:3   | Noticed Nergalle
 25730 | Lair:3   | Found a hole to the Spider Nest.
 25744 | Lair:3   | You fall into a shaft and drop 1 floor!
 25828 | Lair:4   | Reached skill level 11 in Fighting
 25999 | Lair:3   | Found a glowing golden altar of the Shining One.
 26502 | Lair:3   | Killed Nergalle
 26745 | Lair:3   | Killed a six-headed hydra
 27277 | Lair:4   | Noticed Snorg
 27793 | Lair:4   | Reached skill level 10 in Spellcasting
 28447 | Lair:4   | Noticed a six-headed hydra
 28463 | Lair:4   | Killed a six-headed hydra
 29333 | Lair:4   | Learned a level 3 spell: Mephitic Cloud
 29337 | Lair:4   | Learned a level 3 spell: Ignite Poison
 30115 | Lair:4   | Killed Snorg
 30394 | Lair:4   | Reached skill level 5 in Armour
 30591 | Lair:5   | Reached XP level 13. HP: 95/116 MP: 26/31
 30869 | Lair:5   | Found a staircase to the Slime Pits.
 32117 | Lair:6   | Entered Level 6 of the Lair of Beasts
 32157 | Lair:6   | Noticed Sonja
 32157 | Lair:6   | Cast into level 1 of the Abyss (Sonja)
 32357 | Abyss:2  | Noticed a tentacled starspawn
 32387 | Abyss:2  | Noticed a Hell Sentinel
 32389 | Abyss:2  | Noticed a tentacled starspawn
 32395 | Abyss:2  | Found a corrupted altar of Lugonu.
 32429 | Abyss:2  | Noticed a tentacled starspawn
 32430 | Abyss:2  | Noticed a tentacled starspawn
 32456 | Abyss:2  | Noticed a tentacled starspawn
 32568 | Abyss:2  | Found a corrupted altar of Lugonu.
 32578 | Abyss:2  | Noticed a bone dragon
 32657 | Abyss:3  | Killed from afar by a blizzard demon

Illustrated notes

Levels and vault maps discovered:
D:1:      dpeg_arrival_chambers_temple_mockup, layout_basic
D:2:      layout_rooms, ashenzari_conservatory_becter, marbit_many_paths,
          nicolae_overflow_crystal_walls, kennysheep_generic_room_11,
          uniq_crazy_yiuf_cottage
D:3:      layout_loops_corners, lemuel_doored_altar, uniq_ijyb
D:4:      layout_rooms, kennysheep_mini_moat, first_ration, uniq_eustachio,
          uniq_duvessa
D:5:      wad_crossroads, layout_basic, lemuel_crystal_altar,
          hangedman_ru_absence
D:6:      layout_loops_corners
D:7:      layout_loops_ring, grunt_temple_overflow_gold_and_silver,
          minmay_temple_entry_slanted, uniq_menkaure
D:8:      layout_basic, lemuel_zombie_altar_yredelemnul,
          nemelex_xobeh_ov_fountains_minmay, cheibrodos_worm_habitat,
          erik_lair_orcish_takeover, serial_shops, shop, shop, shop, shop, shop,
          uniq_psyche, uniq_grum
D:9:      layout_basic, xom_shifter_show, grunt_pizzeria, minmay_misc_feat_tiny,
          uniq_harold
D:10:     layout_loops_ring, serial_shops, shop, uniq_maggie
D:11:     layout_basic, orc_0_dummy
D:12:     layout_long_grid, minivault_23, dk_vineyard_2
Temple:   eino_wide_crystal_templ
Lair:1:   layout_small_grid, lemuel_fruit_tree, grunt_megastairs_3
Lair:2:   layout_roguey, serial_forest, infiniplex_forest_corner_1,
          infiniplex_forest_lined_3, infiniplex_forest_lined_room_2,
          infiniplex_forest_end_2, infiniplex_forest_end_3,
          infiniplex_forest_clump_small, infiniplex_forest_lined_ring,
          st_stairs_6, grunt_forest_large_clearing_hut
Lair:3:   layout_gridlike, minmay_swamp_entry_reptiles,
          spider_nest_entry_funnel_web, basic_altar, uniq_nergalle
Lair:4:   layout_gridlike, chequers_serial_rivers_micro_b, beast_lair_carwin_10,
          uniq_snorg
Lair:5:   layout_hall_layers, dpeg_slime_entry_corner
Lair:6:   minmay_lair_end_enchanted_forest, layout_regular_city, uniq_sonja
Abyss:3:  base: D:6, hangedman_decor_riveting, hangedman_decor_riveting

Skill      XL: |  1  2  3  4  5  6  7  8  9 10 11 12 |
---------------+-------------------------------------+-----
Stealth        | 2 |  2.0
Fighting       | 2 3 4 6 8 10 11 | 11.7
Crossbows      | 2 |  2.2
Earth Magic    | 3 4 5 6 8 9 |  9.0
Evocations     | 1 2 3 4 |  4.0
Spellcasting   | 3 5 6 8 10 | 10.4
Poison Magic   | 5 6 |  6.0
Shields        | 4 |  4.0
Armour         | 5 |  5.8
Dodging        | 4 |  4.9
Necromancy     | |  1.0

Action                   |  1- 3 |  4- 6 |  7- 9 | 10-12 | 13-15 || total
-------------------------+-------+-------+-------+-------+-------++-------
Melee: Unarmed           |    51 |       |       |       |       ||    51
       Club              |   121 |       |       |       |       ||   121
       Dagger            |    28 |   138 |    42 |    12 |       ||   220
       Hand axe          |       |    48 |   252 |   315 |    17 ||   632
       Staff             |       |       |    17 |     9 |       ||    26
 Fire: Hand crossbow     |    49 |    21 |     4 |       |       ||    74
Throw: Dart              |     4 |    23 |    33 |    12 |       ||    72
       Javelin           |       |       |     5 |     6 |       ||    11
       Stone             |       |       |       |     1 |       ||     1
 Cast: Sandblast         |    12 |    50 |    30 |     4 |       ||    96
       Stone Arrow       |       |       |    36 |     7 |       ||    43
       Lee's Rapid Decon |       |       |    46 |   132 |    38 ||   216
       Petrify           |       |       |     3 |    15 |       ||    18
       Passwall          |       |       |     1 |       |       ||     1
       Olgreb's Toxic Ra |       |       |       |   107 |     8 ||   115
       Mephitic Cloud    |       |       |       |    15 |       ||    15
       Swiftness         |       |       |       |     4 |       ||     4
       Leda's Liquefacti |       |       |       |     4 |       ||     4
       Ignite Poison     |       |       |       |     3 |       ||     3
Evoke: Wand              |       |       |    11 |     6 |       ||    17
  Use: Potion            |     3 |       |     3 |     3 |     8 ||    17
       Scroll            |     3 |     5 |     6 |    12 |     5 ||    31
 Stab: Sleeping          |       |     1 |     1 |       |       ||     2
       Paralysed         |       |       |    13 |    15 |       ||    28
       Petrified         |       |       |     7 |    39 |       ||    46
  Eat: Chunk             |     7 |    12 |    31 |    59 |     6 ||   115
       Ration            |       |       |     5 |     7 |     2 ||    14
Armor: Ring mail         |   126 |    66 |   107 |   118 |    11 ||   428
       Skin              |       |       |       |    26 |       ||    26
Dodge: Dodged            |   157 |   117 |   204 |   335 |    47 ||   860
Block: Buckler           |       |       |       |    77 |    16 ||    93
